woodfighter, lawful male human Monk ------ 1 +....| |..... |...*| -------------- .<...| #@............- ---.-- ##u|g............+ ## # .............| # ### ............| #### ---------# ...`........| #-----.--- |........# ------------- ##.....*..| |.......| [|..>....| |....`...###1####################|.......| ----|---- --------- ^ woodfighter the Student of Stones Experience level: 10 Strength: 18/18 Dexterity: 11 Constitution: 13 Intelligence: 13 Wisdom: 12 Charisma: 9 Health: 0(52) Energy: 51(51) Def: 9 Gold: 0 Moves: 9827 Dungeon seed: 6rbNVFW0C_GFqpwr Game ID: woodfighter_1533633691 Your Inventory: Amulets C - an uncursed amulet of reflection (being worn) Weapons k - 12 +0 shuriken (in quiver) Armor e - an uncursed +2 pair of leather gloves (being worn) n - an uncursed +1 robe (being worn) r - an uncursed +0 pair of leather gloves y - an uncursed +0 pair of elven boots z - a cursed +0 pair of jumping boots N - an uncursed rusty +0 orcish helm (being worn) Comestibles h - an uncursed lichen corpse J - 7 uncursed food rations P - 5 uncursed oranges X - an uncursed egg Z - an uncursed lizard corpse Rings K - an uncursed ring of polymorph control (on left hand) T - an uncursed ring of free action (on right hand) Wands d - a wand of sleep (0:3) f - a wand of lightning (0:4) g - a wand of teleportation (0:3) U - a wand of digging (0:7) Tools b - an uncursed stethoscope o - an uncursed oil lamp (0:808) q - a +0 unicorn horn s - an uncursed bag of holding v - a +0 pick-axe (alternate weapon; not wielded) w - an uncursed magic whistle B - a frost horn (0:5) W - an uncursed towel Gems I - an uncursed luckstone Q - an uncursed touchstone Contents of the bag of holding: 10577 gold pieces an uncursed +0 mummy wrapping an uncursed eucalyptus leaf an uncursed sprig of wolfsbane 2 [uncursed] scrolls of blank paper an uncursed scroll of create monster a cursed scroll of create monster an uncursed scroll of destroy armor an uncursed scroll of enchant weapon 2 uncursed scrolls of identify an uncursed scroll of scare monster an uncursed scroll of teleportation a [uncursed] spellbook of fireball a [uncursed] potion of extra healing a [uncursed] potion of full healing a [blessed] potion of healing a [uncursed] potion of healing a [uncursed] potion of monster detection a [cursed] potion of paralysis a [uncursed] potion of paralysis a [uncursed] potion of see invisible an uncursed potion of sickness a [uncursed] tallow candle [0:200] Spells and supernatural/magical abilities: Name Level Category Fail Memory h - healing 1 healing 0% 51% W - pray for help -- divine ? -- Your skills at the end: Miscellaneous Skills martial arts [Master] wands [Basic] Weapon Skills shuriken [Basic] Spellcasting Skills healing spells [Basic] Final Attributes: You were fervently aligned. You were sleep resistant. You were poison resistant. Your writing hand was ok. You saw invisible. You were warned. You had automatic searching. You were invisible to others. You were stealthy. You were protected. You had polymorph control. You were fast. You had reflection. You had free action. You were lucky. You had extra luck. Bad luck did not time out for you. Good luck did not time out for you. You are dead. Vanquished creatures: 2 giant mimics a long worm a quantum mechanic a xan a large dog a tiger a gargoyle a leocrotta 2 mountain centaurs a human mummy a wraith a leather golem an incubus 3 giant beetles 46 leprechauns 2 quivering blobs a spotted jelly a lizard 2 orc-captains a giant spider 4 gnome kings a dwarf mummy an ogre a brown pudding a Green-elf an owlbear a gold golem a werewolf 3 chickatrices a housecat a jaguar a blue jelly a water nymph a black unicorn a raven a plains centaur 2 gnome mummies 3 snakes an ape 2 human zombies a rope golem 2 soldier ants 3 yellow lights 12 bugbears 2 imps 6 wood nymphs 9 Mordor orcs 2 Uruk-hai 18 orc shamans a rock mole 3 rock piercers 2 ponies a fog cloud 3 shriekers 6 violet fungi 18 gnome lords 5 gnomish wizards 2 kobold mummies a golden naga hatchling 2 ghouls 3 paper golems 3 giant ants 2 floating eyes a kitten 7 dwarves a quasit 3 kobold lords a kobold shaman 4 iguanas 24 hill orcs a rothe 2 rabid rats a centipede a jitterbug a giant bat 7 monkeys 3 dwarf zombies a wererat 2 werejackals 6 coyotes 5 hobbits 4 acid blobs 3 large kobolds 6 geckos 26 hobgoblins 8 giant rats 3 cave spiders 2 yellow molds a green mold 3 red molds 72 gnomes 7 garter snakes 4 gnome zombies 4 jackals 2 foxes 2 kobolds 5 newts 18 goblins 7 sewer rats 13 grid bugs 3 bats 10 lichens 6 kobold zombies 487 creatures vanquished. Voluntary challenges: You were vegetarian. You did not cause conflict. You were not invisible. You never hit with a wielded weapon. You did not use plumbed fixtures. You did not drink any magical draughts. You read items or engraved 9 times, starting on turn 1185. You never genocided any monsters. You never polymorphed an object. You never changed form. You completed Sokoban on turn 3196, according to the rules. You used no wishes. You never split a pudding. You never wrote Elbereth's name. You never violated your personal moral code. Dungeon overview: The Dungeons of Doom: levels 1 to 15 Level 1 a fountain a long staircase Level 2 an altar to Huan Ti Level 3 stairs to The Gnomish Mines Level 4 Level 5 a jewelry store Level 6 (throne) a throne Level 7 many fountains Level 8 (throne + box) a fountain, a throne stairs to Sokoban Level 9 a fountain, a sink Level 10 a fountain, a sink Level 11 a temple to Shan Lai Ching Level 12 Level 13 (quest) a fountain, a sink a magic portal Level 14 <- You were here Level 15 The Gnomish Mines: levels 4 to 12 Level 4 stairs to The Dungeons of Doom Level 5 Level 6 Level 7 many shops, a temple to Huan Ti, a magic chest, some fountains, a sink Level 8 Level 9 Level 10 Level 11 Level 12 many altars to Moloch, a magic chest, some fountains Sokoban: levels 4 to 7 Level 4 a magic chest Level 5 Level 6 Level 7 an altar to Chih Sung-tzu, a magic chest stairs to The Dungeons of Doom History has recorded: On T:1 you entered the Dungeons of Doom to retrieve the Amulet of Yendor! On T:33 you reached level 2 of The Dungeons of Doom. On T:247 you reached level 3 of The Dungeons of Doom. On T:477 you advanced to experience level 2. On T:507 you reached level 1 of The Gnomish Mines. On T:579 you reached level 4 of The Dungeons of Doom. On T:676 you advanced to experience level 3. On T:891 you reached level 5 of The Dungeons of Doom. On T:932 you advanced to experience level 4. On T:937 you reached level 6 of The Dungeons of Doom. On T:1090 you reached level 7 of The Dungeons of Doom. On T:1113 you advanced to experience level 5. On T:1261 you advanced to experience level 6. On T:1347 you reached level 8 of The Dungeons of Doom. On T:1558 you reached level 4 of Sokoban. On T:1581 you advanced to experience level 7. On T:1672 you opened a magic chest. On T:1791 you reached level 3 of Sokoban. On T:2224 you reached level 2 of Sokoban. On T:2610 you reached level 1 of Sokoban. On T:3196 you advanced to experience level 8. On T:3196 you entered the Sokoban zoo. On T:4334 you reached level 2 of The Gnomish Mines. On T:4641 you reached level 3 of The Gnomish Mines. On T:4707 you reached level 6 of The Gnomish Mines. On T:4768 you reached level 7 of The Gnomish Mines. On T:4823 you reached level 5 of The Gnomish Mines. On T:5011 you reached level 4 of The Gnomish Mines. On T:5479 you advanced to experience level 9. On T:5533 you entered the Minetown temple On T:6036 you advanced to experience level 8. On T:6224 you reached level 8 of The Gnomish Mines. On T:6334 you reached level 9 of The Gnomish Mines. On T:6334 you reached the bottom of the Mines. On T:6650 you advanced to experience level 9. On T:8006 you reached level 9 of The Dungeons of Doom. On T:8489 you reached level 10 of The Dungeons of Doom. On T:8761 you reached level 11 of The Dungeons of Doom. On T:9213 you reached level 12 of The Dungeons of Doom. On T:9308 you advanced to experience level 10. On T:9344 you reached level 13 of The Dungeons of Doom. On T:9550 you reached level 14 of The Dungeons of Doom. On T:9774 you reached level 15 of The Dungeons of Doom. Score breakdown: Gold: 10577 ( 1057 points) Experience: 10 levels ( 900 points) Exploration: 15 levels ( 420 points) Discoveries: 41 items ( 2000 points) Variety of kills: 103 monsters ( 2000 points) Major goal: Sokoban/Mines ( 1500 points) Survival: died (score multiplied by 3) Total score: 23631 Latest messages: You put a potion of healing into the bag called holding. You put a potion of extra healing into the bag called holding. You displace your warhorse. You stop. Your warhorse is in the way! Something is written here in the dust. You read: "?|a v s he?e". The door opens. You find a trap door. You displace your warhorse. Something is written here in the dust. You read: "? a v ? nc?e". This door is locked. WHAMMM!!! An Aleax blocks your way. As you kick the door, it crashes open! You stop exploring. The warhorse misses the giant ant. (2x) You kill the giant ant! You strike the winged gargoyle! The winged gargoyle claws you! The winged gargoyle just misses! The winged gargoyle bites! The winged gargoyle claws you! (2x) The winged gargoyle bites! You die... Final status: Goodbye woodfighter the Monk, killed by a winged gargoyle... You died in The Dungeons of Doom on dungeon level 14 with 23631 points, and 10577 pieces of gold, after 9827 moves. You were level 10 with a maximum of 52 hit points when you died.